 Dungeon Crawl Stone Soup version 0.32-a0-913-g739538afd8 (webtiles) character file.

Game seed: 5328990855099496366

486 Heh the Slasher (level 7, -2/50 HPs)
             Began as a Coglin Gladiator on Apr 7, 2024.
             Was a Follower of Beogh.
             Slain by Pikel
             ... wielding a +0 whip of electrocution
              (13 damage)
             ... on level 5 of the Dungeon.
             The game lasted 00:09:38 (4319 turns).

Heh the Slasher (Coglin Gladiator)                  Turns: 4319, Time: 00:09:39

Health: -2/50      AC:  7    Str: 14    XL:     7   Next: 13%
Magic:  7/7        EV:  9    Int:  8    God:    Beogh [*.....]
Gold:   228        SH:  0    Dex: 17    Spells: 6/6 levels left

rFire   . . .        a - +0 long sword {Wiecix}
rCold   . . .        f - +0 dagger {Mei}
rNeg    . . .        A - +0 scale mail
rPois   .            c - +0 helmet
rElec   .            o - scarf {+Inv}
rCorr   .            (no gloves)
SInv    .            (no boots)
Will    .....        (amulet unavailable) Stlth
                     (ring unavailable)
HPRegen 0.28/turn    (ring unavailable)
MPRegen 0.10/turn    (no gizmo)

%: no passive effects
@: confused, ambrosia-drunk, revved
A: off-hand wielding, slow wielding, warmup strikes, no jewellery
a: Invent Gizmo, Renounce Religion, Evoke Invisibility


You were on level 5 of the Dungeon.
You worshipped Beogh.
Beogh was aware of your devotion.
You visited 1 branch of the dungeon, and saw 5 of its levels.
You also visited: Sewer.

You collected 228 gold pieces.

Inventory:

Hand Weapons
 a - a +0 long sword (weapon) {Wiecix}
 f - a +0 dagger (offhand) {Mei}
 q - a +0 broad axe
Missiles
 d - 3 throwing nets (quivered)
 e - a javelin
 u - 4 poisoned darts
 y - 6 boomerangs
Armour
 b - a +0 leather armour
 c - a +0 helmet (worn)
 i - a +0 ring mail
 o - a scarf of invisibility (worn)
 A - a +0 scale mail (worn)
Wands
 t - a wand of flame (20)
Scrolls
 k - 2 scrolls of identify {unknown}
 l - a scroll of enchant armour {unknown}
 m - a scroll of silence {unknown}
 p - 3 scrolls of fear {unknown}
 s - a scroll of acquirement {unknown}
 w - a scroll of amnesia {unknown}
 x - a scroll of enchant weapon {unknown}
Potions
 g - a potion of degeneration {unknown}
 h - a potion of curing
 j - a potion of magic
 n - a potion of ambrosia
 r - 2 potions of cancellation {unknown}
 v - 2 potions of enlightenment
 z - a potion of haste {unknown}


   Skills:
 - Level 2.0 Fighting
 + Level 7.9 Long Blades
 - Level 1.7 Throwing
 - Level 2.6 Dodging


You had 6 spell levels left.
You didn't know any spells.
Your spell library contained the following spells:

 Spells                   Type           Power      Damage    Failure   Level
 Dazzling Flash           Conj/Hex       0%         N/A       99%         3
 Starburst                Conj/Fire      0%         6d3       100%        6
 Maxwell's Capacitive Co  Air            0%         ∞         100%        8


Dungeon Overview and Level Annotations

Branches:
Dungeon (5/15)              Sewer (visited)
 Temple: D:4-7

Altars:
Ru
Uskayaw
Vehumet

Annotations:
D:5 Pikel


Innate Abilities, Weirdness & Mutations

You can wield a second weapon in your off-hand.
It takes a long time for you to wield or remove held weapons.
Your first few attacks do less damage.
You cannot equip rings or amulets.


Message History

You hit Pikel with your +0 long sword.
Pikel is moderately wounded.
You hit Pikel but do no damage.
Pikel hits you with a +0 whip of electrocution!
* * * LOW HITPOINT WARNING * * *
You feel better. Pikel completely misses you.
It was a potion of magic.
Magic courses through your body.
Pikel hits you with a +0 whip of electrocution.
You barely miss Pikel with your +0 long sword.
Pikel is moderately wounded.
You hit Pikel with your +0 dagger. Pikel hits you but does no damage.
You hit Pikel but do no damage.
Pikel is moderately wounded.
You hit Pikel with your +0 long sword. Pikel completely misses you.
You don't know any spells.
You closely miss Pikel with your +0 long sword.
Pikel is heavily wounded.
You hit Pikel but do no damage.
Pikel hits you with a +0 whip of electrocution.
* * * LOW HITPOINT WARNING * * *
You barely miss Pikel with your +0 dagger.
Pikel is heavily wounded.
You closely miss Pikel with your +0 long sword.
Pikel says, "All the demons know me.
They respect me."
Pikel hits you with a +0 whip of electrocution.
* * * LOW HITPOINT WARNING * * *
You barely miss Pikel with your +0 long sword.
Pikel is heavily wounded.
You barely miss Pikel with your +0 dagger.
Pikel hits you with a +0 whip of electrocution.
* * * LOW HITPOINT WARNING * * *
You feel better. Pikel closely misses you.
It was a potion of ambrosia.
You are confused.
You feel invigorated.
Pikel hits you with a +0 whip of electrocution!
* * * LOW HITPOINT WARNING * * *
You are electrocuted!
You die...
Pikel says, "Another soul for the market."

....#.#......#..#.#.#... .
###.#.######.............
###.#.####.#...#..#####.#
.....[##.......#<.#...#.###
###.####.#...#.#...........
.............#.#.##.#.##...
##...........#.#.......+
.........#...#.####$#..#
.#########...#..@Ko5#..# .#
#...#########.# .... #....
.# ..... ## ....# .....
...##


You could see Pikel, a lemure and an orc.

Vanquished Creatures
  A black bear (D:5)
  A phantom (D:5)
  A lemure (D:5)
  A kobold brigand (Sewer)
  A hound (D:5)
  A jelly (D:5)
  An orc wizard (D:4)
  4 adders
  2 ufetubi (D:5)
  4 ribbon worms
  12 orcs
  4 endoplasms
  7 giant cockroaches
  7 goblins
  5 hobgoblins
  A jackal (Sewer)
  12 kobolds
  2 quokkas
  8 ball pythons
  7 bats
  5 frilled lizards
  15 rats
102 creatures vanquished.

Notes
Turn   | Place    | Note
-------+----------+-------------------------------------------
     0 | D:1      | Heh the Coglin Gladiator began the quest for the Orb.
     0 | D:1      | Reached XP level 1. HP: 16/16 MP: 1/1
   112 | D:1      | Reached XP level 2. HP: 17/22 MP: 2/2
   315 | D:1      | Reached skill level 4 in Long Blades
   422 | D:1      | Reached XP level 3. HP: 20/27 MP: 3/3
  1267 | D:2      | Reached XP level 4. HP: 33/33 MP: 4/4
  1315 | D:2      | Found a faded altar of an unknown god.
  1783 | D:3      | Reached skill level 5 in Long Blades
  1968 | D:3      | Found a radiant altar of Vehumet.
  2405 | D:4      | Became a worshipper of Beogh the Shepherd
  2604 | D:4      | Found a glowing drain.
  2615 | D:4      | Reached XP level 5. HP: 37/38 MP: 5/5
  2633 | Sewer    | Entered a sewer
  2675 | Sewer    | Noticed a kobold brigand
  2709 | Sewer    | Killed a kobold brigand
  2710 | Sewer    | Reached skill level 6 in Long Blades
  2860 | Sewer    | Found a white marble altar of Elyvilon.
  3048 | D:4      | Noticed a +0 hand axe
  3049 | D:4      | Found a hide-covered altar of Uskayaw.
  3049 | D:4      | Noticed a +0 dagger
  3162 | D:4      | Reached * piety under Beogh
  3283 | D:4      | Reached XP level 6. HP: 25/44 MP: 6/6
  3843 | D:5      | Entered Level 5 of the Dungeon
  3853 | D:5      | Found a sacrificial altar of Ru.
  3983 | D:5      | Noticed a black bear
  3989 | D:5      | Killed a black bear
  3990 | D:5      | Reached skill level 7 in Long Blades
  4218 | D:5      | Reached XP level 7. HP: 47/50 MP: 7/7
  4296 | D:5      | Noticed Pikel
  4319 | D:5      | Slain by Pikel

Illustrated notes

Levels and vault maps discovered:
D:1:      lightli_iron_boxes, layout_basic, chequers_serial_rivers_small_3
D:2:      layout_basic, shapermc_ecumenical_altar_ellora
D:3:      layout_rooms, mainiacjoe_overflow_24_doors, nrook_loot_triangle
D:4:      layout_loops_corners, dancing_weapons_uskayaw, portal_sewer_entry_b
D:5:      layout_basic, elyvilon_altar_1, lemuel_crystal_altar,
          mainiacjoe_overflow_catch_the_wave, minmay_temple_entry_from_below_b,
          uniq_pikel

Skill      XL: |  1  2  3  4  5  6 |
---------------+-------------------+-----
Long Blades    | 4 5 6 7 |  7.9
Fighting       | |  2.0
Throwing       | |  1.7
Dodging        | |  2.6

Action                     |  1- 3 |  4- 6 |  7- 9 || total
---------------------------+-------+-------+-------++-------
  Melee: Dagger            |    72 |   197 |    20 ||   289
         Long sword        |    71 |   204 |    20 ||   295
 Invoke: Convert to Beogh  |       |     1 |       ||     1
    Use: Potion            |       |     2 |     4 ||     6
 Armour: Leather armour    |    35 |       |       ||    35
         Ring mail         |    15 |   137 |       ||   152
         Scale mail        |       |     4 |    22 ||    26
  Dodge: Dodged            |    38 |    99 |     7 ||   144

Table legend: (Time is in decaauts)
 A = Elapsed time spent in this place.
 B = Non-inter-level travel time spent in this place.
 C = Inter-level travel time spent in this place.
 D = Time resting spent in this place.
 E = Time spent auto-exploring this place.
 F = Levels seen in this place.
 G = Mean time per level.
                   A        B        C        D        E       F      G
               +--------+--------+--------+--------+--------+-----+--------+
         Total |   4357 |   4135 |    222 |      0 |   3358 |   6 |  726.2 |
       Dungeon |   3996 |   3774 |    222 |      0 |   3168 |   5 |  799.2 |
         Sewer |    361 |    361 |      0 |      0 |    190 |   1 |  361.0 |
               +--------+--------+--------+--------+--------+-----+--------+

Top non-repeatable levels by time:
     D:4: 1180 daAuts
     D:1: 922 daAuts
     D:2: 848 daAuts
     D:3: 574 daAuts
     D:5: 470 daAuts
   Sewer: 361 daAuts
